 Dungeon Crawl Stone Soup version 0.31-a0-731-ga75f04deac (webtiles) character file.

Game seed: 8248623369027733347

257794 GordonOverkill the Ogre Mage (level 20, -59/202 HPs)
             Began as an Ogre Delver on Sept 9, 2023.
             Was an Initiate of Gozag.
             Killed from afar by Margery (60 damage)
             ... with a bolt of fire
             ... on level 2 of the Vaults on Sept 12, 2023.
             The game lasted 02:02:28 (64466 turns).

GordonOverkill the Ogre Mage (Ogre Delver)         Turns: 64466, Time: 02:02:28

Health: -59/202    AC:  8    Str: 21    XL:     20   Next: 27%
Magic:  47/53      EV: 11    Int: 17    God:    Gozag
Gold:   11722      SH:  0    Dex: 10    Spells: 26/59 levels left

rFire   . . .        Y - staff of cold
rCold   + . .        (no shield)
rNeg    . . .        x - +2 robe {Archmagi}
rPois   .            (helmet restricted)
rElec   .            O - +2 cloak
rCorr   .            (gloves unavailable)
SInv    .            (boots unavailable)
Will    +++..        e - amulet of magic regeneration
Stlth   ++           q - ring of willpower
HPRegen 0.53/turn    k - ring of magical power
MPRegen 0.73/turn

%: archmagi
@: studying Transmutations
A: large, unfitting armour, tough skin 1
}: 1/15 runes: barnacled
a: Renounce Religion, Potion Petition, Call Merchant, Bribe Branch


You were on level 2 of the Vaults.
You worshipped Gozag.
Gozag was extremely pleased with you.
You visited 6 branches of the dungeon, and saw 32 of its levels.
You also visited: Gauntlet and Wizlab.

You collected 14842 gold pieces.
You spent 973 gold pieces at shops.
You paid 2147 gold pieces to Gozag.

Inventory:

Hand Weapons
 m - a +7 demon trident of freezing
 u - the +8 spear "Cuppiacs" {chaos, rF++ Stlth-}
   (You took it off an orc on level 6 of the Dungeon)

   rF++:      It greatly protects you from fire.
   Stlth-:    It makes you less stealthy.
Missiles
 w - 13 curare-tipped darts (quivered)
 E - a throwing net
Armour
 x - a +2 robe of the Archmagi (worn)
 O - a +2 cloak (worn)
 Z - the +3 storm dragon scales of Wumy {rElec rN+}
   (You took it off a death knight on level 13 of the Dungeon)

   rElec:     It insulates you from electricity.
   rN+:       It protects you from negative energy.
Magical Staves
 Y - a staff of cold (weapon)
Jewellery
 e - an amulet of magic regeneration (around neck)
 i - a ring of protection from fire
 k - a ring of magical power (right hand)
 q - a ring of willpower (left hand)
 t - a ring of willpower
 H - a ring of flight
 L - a ring of see invisible
 M - a ring of ice
 V - a ring of poison resistance
Wands
 g - a wand of digging (16)
 p - a wand of paralysis (31)
 y - a wand of mindburst (12)
 K - a wand of light (5)
 Q - a wand of roots (13)
Scrolls
 c - 5 scrolls of fog
 d - 3 scrolls of revelation
 h - a scroll of poison
 n - 7 scrolls of enchant armour
 o - 2 scrolls of torment
 s - 2 scrolls of amnesia
 B - 9 scrolls of identify
 D - 3 scrolls of vulnerability
 G - 3 scrolls of blinking
 J - 3 scrolls of immolation
 N - a scroll of enchant weapon
 R - 10 scrolls of teleportation
 U - a scroll of fear
Potions
 a - 7 potions of resistance
 b - 6 potions of lignification
 f - 6 potions of curing
 j - 2 potions of ambrosia
 l - 4 potions of enlightenment
 v - 4 potions of mutation
 z - 6 potions of brilliance
 A - 4 potions of heal wounds
 C - 6 potions of invisibility
 I - a potion of cancellation
 P - 7 potions of might
 S - a potion of berserk rage
 T - 4 potions of haste
 W - 2 potions of attraction
Miscellaneous
 r - a phantom mirror
 F - a phial of floods
 X - a box of beasts


   Skills:
 - Level 13.0 Fighting
 - Level 1.7 Maces & Flails
 - Level 2.0 Polearms
 - Level 1.0 Throwing
 - Level 7.0 Dodging
 - Level 3.7 Stealth
 - Level 20.0 Spellcasting
 - Level 17.0 Conjurations
 - Level 1.0 Translocations
 - Level 17.0 Ice Magic
 + Level 11.3 Air Magic
 - Level 5.0 Earth Magic
 - Level 1.0 Poison Magic


You had 26 spell levels left.
You knew the following spells:

 Your Spells              Type           Power      Damage    Failure   Level
b - Stone Arrow           Conj/Erth      100%       3d13      1%          3
c - Mephitic Cloud        Conj/Pois/Air  66%        N/A       1%          3
d - Blink                 Tloc           60%        N/A       3%          2
e - Passwall              Tmut/Erth      31%        N/A       1%          2
f - Iskenderun's Battles  Conj           84%        2d13      1%          5
g - Orb of Destruction    Conj           42%        9d12      2%          7
h - Ozocubu's Refrigerat  Ice            53%        4d19      2%          7
i - Airstrike             Air            35%        2d(5-21)  1%          4

Your spell library contained the following spells:

 Spells                   Type           Power      Damage    Failure   Level
 Freeze                   Ice            100%       1d10      0%          1
 Magic Dart               Conj           100%       1d8       0%          1
 Searing Ray              Conj           100%       2d8       0%          2
 Static Discharge         Conj/Air       100%       2-7/arc   0%          2
 Hailstorm                Conj/Ice       100%       3d20      0%          3
 Ozocubu's Armour         Ice            100%       N/A       0%          3
 Apportation              Tloc           60%        N/A       1%          1
 Kiss of Death            Conj/Necr      100%       2d13      1%          1
 Sandblast                Erth           100%       2d20      1%          1
 Cigotuvi's Dreadful Rot  Necr/Pois/Air  92%        N/A       1%          2
 Momentum Strike          Conj/Tloc      100%       3d10      1%          2
 Dazzling Flash           Conj/Hex       100%       N/A       1%          3
 Fulminant Prism          Conj/Hex       31%        3d15      1%          4
 Iskenderun's Mystic Bla  Conj/Tloc      63%        2d13      1%          4
 Summon Ice Beast         Ice/Summ       80%        N/A       1%          4
 Freezing Cloud           Conj/Ice/Air   50%        6-21      1%          5
 Conjure Ball Lightning   Conj/Air       39%        3x3d13    1%          6
 Fireball                 Conj/Fire      31%        3d13      2%          5
 Metabolic Englaciation   Hex/Ice        40%        N/A       2%          5
 Necrotise                Necr           100%       1d9       3%          1
 Summon Small Mammal      Summ           100%       N/A       3%          1
 Lesser Beckoning         Tloc           60%        N/A       3%          2
 Summon Lightning Spire   Summ/Air       53%        N/A       3%          4
 Call Imp                 Summ           50%        N/A       4%          2
 Volatile Blastmotes      Fire/Tloc      56%        2d14      8%          3
 Call Canine Familiar     Summ           25%        N/A       9%          3
 Confusing Touch          Hex            25%        N/A       9%          3
 Ignite Poison            Fire/Tmut/Pois 27%        N/A       9%          3
 Sigil of Binding         Hex            25%        N/A       9%          3
 Summon Guardian Golem    Hex/Summ       25%        N/A       9%          3
 Silence                  Hex/Air        26%        N/A       9%          5
 Animate Armour           Summ/Erth      76%        N/A       11%         4
 Leda's Liquefaction      Hex/Erth       19%        N/A       11%         4
 Lee's Rapid Deconstruct  Erth           25%        3d14*     11%         5
 Starburst                Conj/Fire      31%        6d9       14%         6
 Manifold Assault         Tloc           30%        N/A       21%         4
 Dimensional Bullseye     Hex/Tloc       14%        N/A       24%         4
 Anguish                  Hex/Necr       12%        N/A       30%         4
 Cause Fear               Hex            12%        N/A       30%         4
 Dispel Undead            Necr           25%        3d12      30%         4
 Borgnjor's Vile Clutch   Necr/Erth      19%        N/A       30%         5
 Alistair's Intoxication  Tmut/Pois      18%        N/A       56%         5
 Summon Forest            Summ/Tloc      14%        N/A       56%         5
 Agony                    Necr           25%        N/A       63%         5
 Maxwell's Capacitive Co  Air            35%        ∞         89%         8
 Lehudib's Crystal Spear  Conj/Erth      34%        10d9      91%         8
 Dispersal                Tloc           15%        N/A       97%         6
 Eringya's Noxious Bog    Tmut/Pois      14%        4d6       98%         6
 Enfeeble                 Hex            12%        N/A       100%        7
 Summon Hydra             Summ           12%        N/A       100%        7
 Disjunction              Tloc           15%        N/A       100%        8
 Chain Lightning          Conj/Air       39%        3d52      100%        9
 Fire Storm               Conj/Fire      31%        8d8       100%        9
 Shatter                  Erth           25%        3d21*     100%        9
 Simulacrum               Ice/Necr       Unusable   N/A       N/A         6

Dungeon Overview and Level Annotations

Branches:
Dungeon (15/15)            Temple (0/1) D:6            Lair (5/5) D:9
 Shoals (4/4) Lair:2       Spider (4/4) Lair:3        Slime (0/5) Lair:4
    Orc (2/2) D:12            Elf (0/3) Orc:2        Vaults (2/5) D:14
 Depths (0/4) D:15         WizLab (visited)         Gauntlet (visited)
  Crypt: Vaults:2-3

Altars:
Cheibriados
Gozag
Hepliaklqana
Nemelex Xobeh
Sif Muna
Trog
Uskayaw
Wu Jian
Xom
Jiyva

Shops:
D:3 (!**   D:4 *   D:10 =   D:15 ==:*   Orc:2 (([*   Shoals:4 ?

Annotations:
D:8 1 runed translucent door, mfcas's ghost, novice DjSh
Lair:1 3 runed translucent doors, Fufrumya's ghost, journeyman TeCj
Vaults:2 2 transporters, Forgeling's ghost, adept FeEn; Margery


Innate Abilities, Weirdness & Mutations

You are too large for most types of armour.
You have tough skin. (AC +1)


Message History

A hell knight is wielding a +4 glaive of flaming.
A hell knight is wielding a +0 halberd of flaming.
Margery shouts!
The hell knight shouts!
The hell knight hits you with a +3 heavy long sword!!
The hell knight hits you with a +4 great mace!
The hell knight invokes the aid of its god against you.
The bolt of fire hits the hell knight.
The hell knight completely resists.
The bolt of fire hits the hell knight.
The hell knight completely resists.
The bolt of fire hits you!!
The hell knight hits you from afar with a +4 glaive of flaming!
* * * LOW HITPOINT WARNING * * *
The hell knight burns you.
* * * LOW HITPOINT WARNING * * *
The necromancer barely misses you.
Margery screams, "You can't withstand my power!"
Margery gestures at you while chanting.
The bolt of fire hits the hell knight.
The hell knight completely resists.
The bolt of fire hits you!!!
* * * LOW HITPOINT WARNING * * *
There is an open door, spattered with blood here.
Casting: Ozocubu's Refrigeration (mildly dangerous; 2% risk of failure)
Confirm with . or Enter, or press ? or * to list all spells.
You feel a strong surge of power!
The heat is drained from your surroundings.
Margery is lightly wounded.
The hell knight is lightly wounded.
The necromancer is moderately wounded.
The hell knight is lightly wounded. x2
The hell knight is moderately wounded. x2
The hell knight is lightly wounded.
The hell knight hits you from afar with a +0 halberd of flaming!!
* * * LOW HITPOINT WARNING * * *
The hell knight burns you!
* * * LOW HITPOINT WARNING * * *
The hell knight hits you with a +4 great mace!!
* * * LOW HITPOINT WARNING * * *
The hell knight misses you. The necromancer barely misses you.
Margery gestures at you while chanting.
The bolt of fire hits the hell knight.
The hell knight completely resists.
The bolt of fire hits you!!!
You die...
Your body crumbles into a pile of gold.

#....# #....'.# #....# #....'.#
#....# #....#.) #....# #....#.)
#....# #######+### #....#..
#....# #.........# #....#.#
######....# #..p@p....# #....'.#
.....#....# #.ppppp...# #....###
.....#....# #@#########....#
.....'....# #..#...#..#.#....#
.....#....# #..#...#..#.#..).#
.....#....# +######'##'##....#
.....#....# #...#..#.'....#
######....# ##########....#
#....# #....#
######....################....###
...............................))


You could see Margery, 6 hell knights and a necromancer.

Vanquished Creatures
  Mara (Shoals:3)
  Arachne (Spider:2)
  Asterion (Spider:2)
  A kraken (Shoals:4)
  2 tengu reavers
  Ilsuiw (Shoals:2)
  Roxanne (Shoals:3)
  Aizul (Vaults:1)
  A frost giant (D:13)
  A draconian knight (WizLab)
  3 vault wardens
  2 emperor scorpions
  An orc warlord (Orc:1)
  2 ironbound thunderhulks
  A formless jellyfish (Vaults:1)
  7 ironbound preservers
  A quicksilver ooze (Gauntlet)
  A stone giant (Shoals:4)
  7 purple draconians (WizLab)
  14 dire elephants
  A minotaur (Gauntlet)
  Azrael (Spider:2)
  2 spark wasps
  6 merfolk impalers
  Snorg (D:12)
  9 statues (WizLab)
  3 yaktaur captains
  5 merfolk javelineers
  2 fire dragons
  4 entropy weavers
  4 great orbs of eyes
  3 vault guards (Vaults:1)
  Fannar (D:12)
  7 hydras
  A rakshasa (D:15)
  2 catoblepae
  3 radroaches
  3 merfolk avatars
  2 ogre magi (Orc:2)
  A death knight (D:13)
  2 jorogumos (Spider:3)
  4 ironbound frosthearts
  2 alligator snapping turtles (Shoals:4)
  9 boulder beetles
  3 merfolk aquamancers (Shoals:4)
  14 centaur warriors
  15 two-headed ogres
  13 death yaks
  3 satyrs (Shoals:4)
  5 demonic crawlers
  4 tengu warriors
  Amaemon (D:10)
  A deep elf knight (D:14)
  5 skysharks
  2 sun moths
  9 sea snakes
  A sea snake (shapeshifter) (D:15)
  4 pharaoh ants
  Lodul (D:11)
  A flayed ghost (D:13)
  18 deep trolls
  4 orb spiders
  A skeletal warrior (D:13)
  A wizard (Vaults:1)
  Pikel (D:8)
  8 lindwurms
  A steelbarb worm (Spider:1)
  18 harpies
  A deep elf pyromancer (D:13)
  2 phantasmal warriors (D:13)
  5 ironbound convokers
  An oklob plant (D:12)
  3 orc sorcerers
  An orc knight (Orc:1)
  15 cyclopes
  13 ugly things
  17 manticores
  11 wolf spiders
  A faun (Shoals:3)
  5 black mambas
  9 merfolk sirens
  24 elephants
  5 vault sentinels (Vaults:1)
  6 water nymphs
  Maurice (D:12)
  An orange demon (D:10)
  6 cane toads
  6 gargoyles
  11 torpor snails
  Psyche (D:12)
  2 efreet
  4 kobold demonologists
  5 komodo dragons
  3 rime drakes (Lair:5)
  10 yaktaurs
  22 tengu conjurers
  17 trolls
  20 merfolk
  6 meliai
  3 tyrant leeches (Lair:5)
  7 polar bears
  22 tarantellas
  11 hornets
  5 wind drakes
  7 snapping turtles
  8 blink frogs
  12 dream sheep
  21 culicivoras
  26 jumping spiders
  A spriggan (shapeshifter) (D:13)
  A spriggan (Lair:4)
  A shadow (D:12)
  A vampire (D:8)
  2 wraiths (D:12)
  42 yaks
  37 slime creatures
  12 water elementals
  3 wyverns
  4 fire elementals (Spider:2)
  10 basilisks
  11 vampire mosquitoes
  49 redbacks
  2 steam dragons
  3 wargs (Orc:1)
  14 water moccasins
  3 acid dragons
  12 orc warriors
  2 hell hounds (Spider:2)
  4 ice beasts
  A boggart (D:13)
  2 sky beasts
  13 centaurs
  22 wolves
  31 ogres
  2 lemures (D:8)
  6 kobold brigands
  11 bullfrogs
  2 scorpions
  4 wights
  10 killer bees
  An oklob sapling (D:12)
  2 electric eels
  4 howler monkeys
  4 hounds
  16 orc priests
  2 gnoll boudas (D:8)
  5 jellies
  A sleepcap (D:7)
  4 iguanas
  21 orc wizards
  7 hell rats
  12 gnolls
  9 adders
  2 shadow imps
  43 orcs
  13 ball pythons
  5 endoplasms
  2 giant cockroaches
  6 goblins
  3 hobgoblins
  2 jackals (D:1)
  3 quokkas
  8 bats
  3 frilled lizards (D:1)
  30 kobolds
  5 rats (D:1)
1149 creatures vanquished.

Vanquished Creatures (collateral kills)
  2 ghost moths (Spider:3)
  A death yak (Lair:5)
  A rime drake (Lair:5)
  A kobold demonologist (D:8)
  2 wraiths (D:8)
  2 orc warriors (D:8)
  A killer bee (D:8)
  3 orc priests (D:8)
13 creatures vanquished.

Vanquished Creatures (others)
  A lich (Vaults:2)
  A formless jellyfish (Vaults:2)
  An orc (D:12)
  4 tentacles (Shoals:4)
7 creatures vanquished.

Grand Total: 1169 creatures vanquished

Notes
Turn   | Place    | Note
-------+----------+-------------------------------------------
     0 | D:5      | GordonOverkill the Ogre Delver began the quest for the Orb.
     0 | D:5      | Reached XP level 1. HP: 24/24 MP: 1/1
     6 | D:6      | Noticed a jelly
     6 | D:6      | Noticed a bullfrog
    67 | D:4      | Noticed an iguana
   117 | D:4      | Killed an iguana
   118 | D:4      | Reached skill level 2 in Spellcasting
   118 | D:4      | Reached XP level 2. HP: 21/32 MP: 1/5
   118 | D:4      | Reached XP level 3. HP: 26/39 MP: 1/7
   143 | D:4      | Reached skill level 3 in Spellcasting
   177 | D:4      | Noticed an ogre
   183 | D:3      | Found Dualink's Assorted Antiques.
   331 | D:3      | Found Reca Nay's Distillery.
   375 | D:3      | Found an opulent altar of Gozag.
   398 | D:3      | Became a worshipper of Gozag Ym Sagoz the Greedy
   441 | D:3      | Found Wofixt's General Store.
   451 | D:3      | Learned a level 1 spell: Magic Dart
   747 | D:1      | Reached skill level 1 in Conjurations
  1109 | D:1      | Reached XP level 4. HP: 47/48 MP: 5/9
  2376 | D:2      | Reached skill level 1 in Polearms
  2977 | D:2      | Reached XP level 5. HP: 41/54 MP: 6/10
  3658 | D:3      | Found Gera's Weapon Shoppe.
  4093 | D:3      | Upgraded the game from 0.31-a0-704-g1016066182 to
                  | 0.31-a0-726-g3c93526463
  4097 | D:3      | Learned a level 3 spell: Stone Arrow
  4101 | D:3      | Learned a level 3 spell: Mephitic Cloud
  4104 | D:3      | Learned a level 2 spell: Blink
  4255 | D:4      | Found Ifublar's Overcharged Wands.
  4682 | D:4      | Killed an ogre
  4683 | D:4      | Reached skill level 1 in Throwing
  4683 | D:4      | Reached XP level 6. HP: 62/62 MP: 4/11
  4863 | D:4      | Found Ifublar's Overcharged Wands.
  5099 | D:5      | Reached skill level 1 in Earth Magic
  5302 | D:5      | Found a bloodstained altar of Trog.
  5449 | D:5      | Found a hazy altar of Hepliaklqana.
  5623 | D:5      | Found an ornate altar of the Wu Jian Council.
  5847 | D:5      | Reached skill level 1 in Translocations
  6089 | D:6      | Noticed an ice beast
  6098 | D:5      | Reached skill level 1 in Air Magic
  6098 | D:5      | Reached XP level 7. HP: 50/70 MP: 12/12
  6192 | D:6      | Identified the +8 spear "Cuppiacs" {chaos, rF++ Stlth-}
  6749 | D:6      | Reached skill level 4 in Spellcasting
  7034 | D:6      | Reached XP level 8. HP: 78/78 MP: 4/14
  7106 | D:6      | Found a staircase to the Ecumenical Temple.
  7516 | D:7      | Reached skill level 5 in Conjurations
  7603 | D:7      | Learned a level 2 spell: Passwall
  8042 | D:6      | Reached skill level 5 in Earth Magic
  8201 | D:7      | Reached skill level 1 in Poison Magic
  8507 | D:7      | Reached skill level 5 in Spellcasting
  9045 | D:7      | Reached XP level 9. HP: 65/84 MP: 1/16
  9676 | D:8      | Reached skill level 5 in Fighting
  9826 | D:8      | Noticed a hornet
  9840 | D:8      | Killed a hornet
  9841 | D:8      | Reached skill level 6 in Spellcasting
  9957 | D:8      | Noticed a kobold demonologist
  9957 | D:8      | Noticed a troll
  9977 | D:8      | Killed a troll
  9978 | D:8      | Reached skill level 7 in Spellcasting
 10126 | D:8      | Noticed a two-headed ogre
 10130 | D:8      | Killed a two-headed ogre
 10234 | D:8      | Noticed a komodo dragon
 10244 | D:8      | Reached XP level 10. HP: 98/98 MP: 20/20
 10246 | D:8      | Identified the +7 flail "GordonOverkill's Death" {spect,
                  | Dex+3}
 10249 | D:8      | Killed a kobold demonologist
 10357 | D:8      | Noticed a two-headed ogre
 10366 | D:8      | Killed a two-headed ogre
 10367 | D:8      | Reached skill level 10 in Conjurations
 10582 | D:8      | Noticed a gargoyle
 10585 | D:8      | Killed a gargoyle
 10586 | D:8      | Reached skill level 8 in Spellcasting
 10930 | D:8      | Found a runed translucent door.
 10930 | D:8      | Found a shimmering altar of Xom.
 10930 | D:8      | Noticed mfcas's ghost (novice DjSh)
 11030 | D:8      | Noticed a +0 falchion of chaos
 11101 | D:8      | Noticed Pikel
 11111 | D:8      | Killed Pikel
 11112 | D:8      | Reached skill level 9 in Spellcasting
 11519 | D:8      | Learned a level 5 spell: Iskenderun's Battlesphere
 11575 | D:9      | Found a sparkling altar of Nemelex Xobeh.
 11575 | D:9      | Found a snail-covered altar of Cheibriados.
 11576 | D:9      | Found a hide-covered altar of Uskayaw.
 12003 | D:9      | Reached skill level 10 in Spellcasting
 12709 | D:9      | Found a staircase to the Lair.
 12827 | D:10     | Entered Level 10 of the Dungeon
 12832 | D:10     | Reached XP level 11. HP: 105/105 MP: 22/25
 12833 | D:10     | Noticed a two-headed ogre
 12841 | D:10     | Killed a two-headed ogre
 13444 | D:10     | Noticed a two-headed ogre
 13450 | D:10     | Killed a two-headed ogre
 13506 | D:10     | Noticed Amaemon
 13570 | D:10     | Got Oxtealeps's Quarto of the Snow-white Geologist
 13601 | D:10     | Killed Amaemon
 14271 | D:10     | Found Coh Sof's Jewellery Boutique.
 14280 | D:10     | Bought an amulet of magic regeneration for 360 gold pieces
 14569 | D:11     | Noticed Lodul
 15148 | D:11     | Identified the +4 falchion of Checkmate {spect, rN+ Str+5
                  | Int-4}
 15190 | D:11     | Killed Lodul
 15191 | D:11     | Reached XP level 12. HP: 114/114 MP: 18/26
 15230 | D:11     | Reached skill level 11 in Spellcasting
 15563 | D:11     | Noticed a centaur warrior
 15566 | D:11     | Killed a centaur warrior
 15567 | D:11     | Reached skill level 12 in Spellcasting
 15613 | D:11     | Noticed a boulder beetle
 15621 | D:11     | Killed a boulder beetle
 15711 | D:11     | Noticed a centaur warrior
 15723 | D:11     | Noticed a two-headed ogre
 15726 | D:11     | HP: 5/114 [centaur warrior/+0 mace (16)]
 15727 | D:11     | Killed a centaur warrior
 16199 | D:11     | Noticed a tengu warrior
 16203 | D:11     | Noticed a boulder beetle
 16210 | D:11     | Killed a tengu warrior
 16212 | D:11     | Killed a boulder beetle
 16438 | D:11     | Noticed a tengu warrior
 16447 | D:11     | Killed a tengu warrior
 16996 | D:12     | Found a staircase to the Orcish Mines.
 17023 | D:12     | Noticed Snorg
 17090 | D:12     | Reached skill level 15 in Conjurations
 17168 | D:12     | Noticed Maurice
 17168 | D:12     | Noticed a boulder beetle
 17172 | D:12     | Killed Maurice
 17181 | D:12     | Killed a boulder beetle
 17182 | D:12     | Reached XP level 13. HP: 79/120 MP: 4/29
 17422 | D:12     | Noticed Psyche
 17484 | D:12     | Killed Psyche
 17667 | D:12     | Killed Snorg
 17668 | D:12     | Reached skill level 13 in Spellcasting
 18508 | D:11     | Reached skill level 14 in Spellcasting
 18619 | D:12     | Learned a level 7 spell: Orb of Destruction
 18709 | Lair:1   | Entered Level 1 of the Lair of Beasts
 19355 | Lair:1   | Found a runed translucent gate.
 19355 | Lair:1   | Found a runed translucent gate.
 19356 | Lair:1   | Found a runed translucent gate.
 19425 | Lair:1   | Learned a level 7 spell: Ozocubu's Refrigeration
 20339 | D:9      | Found a hide-covered altar of Uskayaw.
 20339 | D:9      | Found a snail-covered altar of Cheibriados.
 20348 | D:9      | Found a sparkling altar of Nemelex Xobeh.
 20372 | D:9      | Reached skill level 15 in Spellcasting
 20671 | D:9      | Found a staircase to the Lair.
 21631 | Lair:1   | Noticed Fufrumya's ghost (journeyman TeCj)
 21715 | Lair:1   | Found a viscous altar of Jiyva.
 21808 | Lair:2   | Found a staircase to the Shoals.
 22720 | Lair:2   | Reached XP level 14. HP: 130/130 MP: 14/33
 23566 | Lair:3   | Found a hole to the Spider Nest.
 23855 | Lair:3   | Reached skill level 1 in Ice Magic
 25049 | Lair:4   | Noticed a dire elephant
 25071 | Lair:4   | Killed a dire elephant
 25171 | Lair:4   | Reached skill level 5 in Ice Magic
 25734 | Lair:4   | Found a staircase to the Slime Pits.
 26951 | Lair:5   | Entered Level 5 of the Lair of Beasts
 27425 | Lair:5   | Found a runed translucent door.
 27707 | Lair:5   | Reached XP level 15. HP: 136/136 MP: 34/34
 27962 | Lair:5   | Paralysed by a hornet for 3 turns
 29157 | Lair:5   | Reached skill level 10 in Ice Magic
 32860 | D:13     | Noticed a frost giant
 32872 | D:13     | Noticed a tengu reaver
 33856 | D:13     | Identified the +3 storm dragon scales of Wumy {rElec rN+}
 33859 | D:13     | Identified the +5 dagger of Beyond {antimagic, Str+4}
 34709 | D:13     | Identified the +5 quarterstaff "Finameci" {holy, Str+3}
 34715 | D:13     | Killed a frost giant
 34913 | D:13     | Reached XP level 16. HP: 99/144 MP: 27/35
 35048 | D:13     | Killed a tengu reaver
 36092 | D:14     | Found a gate to the Vaults.
 37222 | D:15     | Entered Level 15 of the Dungeon
 37240 | D:15     | Found Xone's Jewellery Emporium.
 37279 | D:15     | Found Cepidgh's Book Shoppe.
 37311 | D:15     | Found a gate leading to a gauntlet.
 37357 | Gauntlet | Entered a Gauntlet
 37357 | Gauntlet | Found a transporter.
 37357 | Gauntlet | Found a transporter.
 37358 | Gauntlet | Found a transporter.
 37359 | Gauntlet | Found a transporter.
 37360 | Gauntlet | Found a large runed translucent door.
 37361 | Gauntlet | Found a large runed translucent door.
 37362 | Gauntlet | Found a large runed translucent door.
 37362 | Gauntlet | Found a large runed translucent door.
 37362 | Gauntlet | Found a transporter.
 37362 | Gauntlet | Found a transporter.
 37362 | Gauntlet | Found a runed translucent door.
 37363 | Gauntlet | Found a large runed translucent door.
 37364 | Gauntlet | Found a large runed translucent door.
 37365 | Gauntlet | Found a large runed translucent door.
 37365 | Gauntlet | Found a large runed translucent door.
 37366 | Gauntlet | Found a runed translucent gate.
 37366 | Gauntlet | Found a runed translucent gate.
 37368 | Gauntlet | Found a transporter.
 37371 | Gauntlet | Found a transporter.
 37371 | Gauntlet | Found a transporter.
 37373 | Gauntlet | Found a transporter.
 37381 | Gauntlet | Found a transporter.
 37384 | Gauntlet | Found a transporter.
 37414 | Gauntlet | Found a runed translucent gate.
 37415 | Gauntlet | Found a large runed translucent door.
 37415 | Gauntlet | Found a large runed translucent door.
 37416 | Gauntlet | Found a large runed translucent door.
 37417 | Gauntlet | Found a large runed translucent door.
 37418 | Gauntlet | Found a large runed translucent door.
 37418 | Gauntlet | Found a large runed translucent door.
 37418 | Gauntlet | Found a runed translucent door.
 37419 | Gauntlet | Found a large runed translucent door.
 37420 | Gauntlet | Found a large runed translucent door.
 37552 | Gauntlet | Paralysed by a hornet for 2 turns
 38429 | Gauntlet | Identified the +0 chain mail of Wuyss {rF- rCorr Str+6}
 38484 | D:15     | Reached skill level 15 in Ice Magic
 38937 | D:15     | Found Rukhliam's Jewellery Boutique.
 39265 | D:15     | Found Doxatz's General Store.
 39294 | D:15     | Bought a potion of invisibility for 80 gold pieces
 40317 | D:15     | Found a staircase to the Depths.
 40584 | Orc:1    | Entered Level 1 of the Orcish Mines
 40597 | Orc:1    | Noticed Fannar
 40673 | D:12     | Killed Fannar
 40831 | Orc:1    | Found a shimmering blue altar of Sif Muna.
 41068 | Orc:2    | Entered Level 2 of the Orcish Mines
 42122 | Orc:2    | Found Waeryoguyt's Weapon Shoppe.
 42129 | Orc:2    | Found Dyatuywi's Weapon Shop.
 42688 | Orc:2    | Reached XP level 17. HP: 152/152 MP: 26/36
 42864 | Orc:2    | Found Cufeo's Armour Emporium.
 42865 | Orc:2    | Found Seng's Assorted Antiques.
 42946 | Orc:2    | Bought a scroll of fog for 100 gold pieces
 42946 | Orc:2    | Bought a potion of curing for 75 gold pieces
 42946 | Orc:2    | Bought a scroll of enchant armour for 187 gold pieces
 43075 | Orc:2    | Found a staircase to the Elven Halls.
 44422 | Shoals:1 | Entered Level 1 of the Shoals
 45896 | Shoals:2 | Upgraded the game from 0.31-a0-726-g3c93526463 to
                  | 0.31-a0-731-ga75f04deac
 45907 | Shoals:2 | Learned a level 4 spell: Airstrike
 46031 | Shoals:2 | Reached skill level 10 in Fighting
 46458 | Shoals:2 | Noticed Ilsuiw
 46464 | Shoals:2 | Killed Ilsuiw
 47232 | Shoals:3 | Noticed Mara
 47239 | Shoals:3 | Killed Mara
 47240 | Shoals:3 | Reached skill level 5 in Air Magic
 47755 | Shoals:3 | Noticed Roxanne
 47766 | Shoals:3 | Killed Roxanne
 48076 | Shoals:4 | Entered Level 4 of the Shoals
 49945 | Shoals:4 | Identified the staff "Cavyczest" {rPois rCorr Str+3 Poison}
 50027 | Shoals:4 | Reached skill level 16 in Spellcasting
 50030 | Shoals:4 | Reached XP level 18. HP: 103/174 MP: 17/38
 50492 | Shoals:4 | Got a barnacled rune of Zot
 50570 | Shoals:4 | Found Namy's Magic Scroll Emporium.
 50573 | Shoals:4 | Bought 2 scrolls of teleportation for 114 gold pieces
 50573 | Shoals:4 | Bought a scroll of teleportation for 57 gold pieces
 51650 | Shoals:4 | Reached skill level 17 in Spellcasting
 52339 | Spider:1 | Entered Level 1 of the Spider Nest
 52781 | Spider:1 | Reached skill level 5 in Dodging
 53612 | Spider:2 | Noticed Azrael
 53615 | Spider:2 | Killed Azrael
 53616 | Spider:2 | Noticed Arachne
 53626 | Spider:2 | Killed Arachne
 54489 | Spider:2 | Noticed Asterion
 54493 | Spider:2 | Killed Asterion
 55592 | Spider:3 | Reached XP level 19. HP: 193/193 MP: 16/40
 56605 | Spider:3 | Reached skill level 18 in Spellcasting
 56738 | Spider:4 | Entered Level 4 of the Spider Nest
 57310 | Vaults:1 | Entered Level 1 of the Vaults
 57527 | Vaults:1 | Found a magical portal.
 57536 | WizLab   | Entered Iskenderun's Mystic Tower
 58613 | WizLab   | Reached skill level 19 in Spellcasting
 60143 | WizLab   | Got Iskenderun's Volume of Bruises
 60420 | Vaults:1 | Paralysed by a formless jellyfish for 1 turns
 60600 | Vaults:1 | Identified the +0 robe of Inviolability {Dex+3}
 60916 | Vaults:1 | Reached skill level 20 in Spellcasting
 61590 | Vaults:1 | Noticed Aizul
 61596 | Vaults:1 | Killed Aizul
 62939 | Vaults:1 | Identified the +2 spear of the Fifty Servitors {venom,
                  | Int+3}
 63063 | Vaults:2 | Reached XP level 20. HP: 202/202 MP: 33/44
 63274 | Vaults:2 | Reached skill level 10 in Air Magic
 64369 | Vaults:2 | Noticed Forgeling's ghost (adept FeEn)
 64370 | Vaults:2 | Found a transporter.
 64374 | Vaults:2 | Found a transporter.
 64465 | Vaults:2 | Noticed Margery
 64466 | Vaults:2 | HP: 1/202 [hell knight/+4 great mace[Margery] (21)]
 64466 | Vaults:2 | Killed from afar by Margery

Illustrated notes

Levels and vault maps discovered:
D:1:      lemuel_arrival_hallway, layout_rooms, chequers_garden
D:2:      layout_basic, serial_co_window_serial, co_window_paths_a,
          co_window_corner_a, co_window_paths_b, co_window_corner_a,
          co_window_corner_a, co_window_of_opportunity_a, co_window_paths_b,
          co_window_2corner, co_window_cross_3, co_window_corner_b,
          co_window_4corner_a, co_window_sun, glass_columns_b, glass_columns_b,
          glass_columns_c, glass_columns_a
D:3:      layout_rooms, nicolae_gozag_cash_rules_everything_around_me,
          serial_shops, nicolae_shop_bloodbath_and_beyond, nicolae_shop_trees,
          nicolae_shop_advertising_works [nicolae_subvault_shop_adworks],
          nicolae_shop_peninsula
D:4:      layout_rooms, nicolae_shop_overcharged_wands
D:5:      layout_loops_ring, kennysheep_mini_moat,
          mainiacjoe_overflow_concentric_impassable,
          nicolae_overflow_crystal_walls, amcnicky_mini_rare_corridor_liquid
D:6:      layout_rooms, minmay_temple_entry_overgrown, minmay_checkerbox
D:7:      layout_cave_pods
D:8:      minmay_the_grid_square_5x5_3x3
          [minmay_the_grid_square_5x5_hollow_slash,
          minmay_the_grid_square_5x5_one_wall,
          minmay_the_grid_square_5x5_beaten_path,
          minmay_the_grid_square_5x5_bridge,
          minmay_the_grid_square_5x5_megaprize_crossed,
          minmay_the_grid_square_5x5_minibox, minmay_the_grid_square_5x5_plus,
          minmay_the_grid_square_5x5_two_walls_a,
          minmay_the_grid_square_5x5_corner], layout_loops_ring, enter_bailey_3,
          ebering_ghost_xom, uniq_pikel
D:9:      layout_loops_ring, gammafunk_temple_overflow_forgotten,
          lair_entry_dummy
D:10:     layout_basic, serial_shops, shop_fountains, uniq_amaemon
D:11:     minmay_bloctagon, layout_irregular_city, minmay_variable_closet,
          uniq_lodul
D:12:     layout_irregular_city, minmay_orc_entry_temple_small,
          introduction_to_nature_2, uniq_maurice, uniq_snorg, uniq_psyche
D:13:     minmay_tile_spiral, layout_cave_pods
D:14:     layout_basic, skrybe_vaults_entry_preservation,
          minmay_misc_feat_square
D:15:     gammafunk_enter_depths_forms, layout_small_grid, serial_shops, shop,
          shop, shop, shop_statue, nicolae_two_hexagons, gauntlet_entry_generic,
          dk_noncrumbling_4
Lair:1:   layout_loops_ring, gammafunk_ghost_ooze, nicolae_lair_grazing_beasts
          [nicolae_sub_lair_graze_edge, nicolae_sub_lair_graze_edge,
          nicolae_sub_lair_graze_edge, nicolae_sub_lair_graze_edge],
          serial_bayou_shore_a, grunt_megastairs_3
Lair:2:   layout_roguey, nicolae_shoals_entry_roost
Lair:3:   layout_roguey, nicolae_spider_entry_tight_spaces, beast_lair_carwin_7,
          grunt_megastairs_5
Lair:4:   mu_elephants_graveyard, layout_regular_city,
          nicolae_slime_entry_field_trip
Lair:5:   hangedman_lair_in_review, layout_hall_layers, wormcave, st_stairs_8,
          minivault_25
Shoals:1: layout_shoals, nicolae_shoals_lost_giant_temple
Shoals:2: layout_shoals, uniq_ilsuiw
Shoals:3: layout_shoals, uniq_roxanne, uniq_mara
Shoals:4: shoals_end_hangedman, layout_shoals, serial_shops,
          nicolae_shop_rolled_up, hangedman_shoals_cup_caves
Spider:1: layout_spider_delve
Spider:2: nicolae_spider_mines_1, nicolae_spider_wall_of_niches,
          hangedman_spider_tarantella_strand, uniq_azrael, uniq_arachne,
          uniq_asterion
Spider:3: layout_spider_delve, drop_trap
Spider:4: grunt_spider_rune_island, uniq_bai_suzhen
Orc:1:    layout_caves, kennysheep_orc_sif_temple, uniq_fannar
Orc:2:    st_orc_open, layout_diamond_mine, basic_altar,
          david_defended_altar_orc
Vaults:1: mu_enter_wizlab_3, vaults_room_door_ring, ontoclasm_vaults_gateway,
          v_misc_22, vaults_room_octagon, nicolae_vaults_shipping_containers_4,
          nicolae_vaults_swerve, nicolae_vaults_stairing_the_circle,
          v_alt_pattern_4, nicolae_vaults_heist, nicolae_vaults_more_shelving_2,
          ontoclasm_vaults_misaligned, nicolae_vaults_yaktaur_gun_rack,
          nicolae_vaults_apartment_2, layout_vaults_omnicross, uniq_aizul
Vaults:2: gammafunk_ghost_arena, hangedman_vaults_stretched_pinwheel, v_misc_25,
          ontoclasm_vaults_claustrophobia, ontoclasm_vaults_shout,
          ontoclasm_vaults_chip, vaults_room_hallway,
          nicolae_vaults_tetromino_T_1, nicolae_vaults_ring_of_whatevers,
          layout_vaults_omnigrid, uniq_margery

Skill      XL: |  1  2  3  4  5  6  7  8  9 10 11 12 13 14 15 16 17 18 19 20 |
---------------+-------------------------------------------------------------+-----
Spellcasting   | 2 3 4 5 7 10 12 15 16 17 20 | 20.0
Conjurations   | 1 3 4 6 8 10 13 15 16 17 | 17.0
Polearms       | 2 |  2.0
Throwing       | 1 |  1.0
Earth Magic    | 3 4 5 |  5.0
Translocations | 1 |  1.0
Air Magic      | 1 7 9 11 | 11.3
Poison Magic   | 1 |  1.0
Fighting       | 6 10 13 | 13.0
Ice Magic      | 8 13 16 17 | 17.0
Dodging        | 7 |  7.0
Maces & Flails | |  1.7
Stealth        | |  3.7

Action                     |  1- 3 |  4- 6 |  7- 9 | 10-12 | 13-15 | 16-18 | 19-21 || total
---------------------------+-------+-------+-------+-------+-------+-------+-------++-------
  Melee: Mace              |    51 |     2 |       |       |       |       |       ||    53
         Punch             |     1 |       |     2 |       |     1 |     1 |     1 ||     6
         Spear             |       |    36 |    72 |    72 |    34 |     1 |       ||   215
         Staff             |       |       |       |       |       |    11 |    30 ||    41
  Throw: Dart              |       |     8 |    11 |     7 |       |       |       ||    26
         Throwing net      |       |       |     2 |       |       |       |       ||     2
   Cast: Magic Dart        |    35 |   145 |    95 |   163 |   220 |    14 |       ||   672
         Stone Arrow       |       |       |    46 |   153 |   320 |    60 |       ||   579
         Mephitic Cloud    |       |       |       |    10 |    10 |       |       ||    20
         Iskenderun's Batt |       |       |       |    55 |   111 |    19 |       ||   185
         Orb of Destructio |       |       |       |       |   207 |   128 |    98 ||   433
         Blink             |       |       |       |       |    10 |     2 |       ||    12
         Ozocubu's Refrige |       |       |       |       |       |   473 |   237 ||   710
         Airstrike         |       |       |       |       |       |    55 |     1 ||    56
 Invoke: Potion Petition   |       |       |       |       |       |     2 |     3 ||     5
  Evoke: Wand              |       |       |     4 |       |     2 |    22 |     3 ||    31
         Box of beasts     |       |       |       |       |       |       |     1 ||     1
         Phantom mirror    |       |       |       |       |       |       |     1 ||     1
    Use: Potion            |     2 |       |     2 |     2 |     8 |     4 |     3 ||    21
         Scroll            |     1 |     2 |    14 |     2 |    15 |    12 |     4 ||    50
   Stab: Sleeping          |     2 |     1 |     2 |       |       |       |       ||     5
         Confused          |       |       |       |       |     5 |       |       ||     5
 Armour: Robe              |    53 |    69 |    75 |   123 |   282 |   267 |   188 ||  1057
         Skin              |       |       |    24 |       |       |       |       ||    24
  Dodge: Dodged            |    34 |    29 |    42 |    61 |    90 |    94 |    66 ||   416

Table legend: (Time is in decaauts)
 A = Elapsed time spent in this place.
 B = Non-inter-level travel time spent in this place.
 C = Inter-level travel time spent in this place.
 D = Time resting spent in this place.
 E = Time spent auto-exploring this place.
 F = Levels seen in this place.
 G = Mean time per level.
                   A        B        C        D        E       F      G
               +--------+--------+--------+--------+--------+-----+--------+
         Total |  64533 |  62106 |   2427 |  30690 |  21392 |  34 | 1898.0 |
       Dungeon |  28885 |  27359 |   1526 |  12582 |  10227 |  15 | 1925.7 |
          Lair |  11288 |  10835 |    453 |   4785 |   4426 |   5 | 2257.6 |
        Shoals |   7836 |   7674 |    162 |   4629 |   1778 |   4 | 1959.0 |
   Spider Nest |   4703 |   4579 |    124 |   2199 |   1751 |   4 | 1175.8 |
  Orcish Mines |   3579 |   3503 |     76 |   1914 |   1189 |   2 | 1789.5 |
        Vaults |   4291 |   4208 |     83 |   1871 |   1637 |   2 | 2145.5 |
        Wizlab |   2863 |   2863 |      0 |   2028 |    264 |   1 | 2863.0 |
      Gauntlet |   1084 |   1084 |      0 |    682 |    120 |   1 | 1084.0 |
               +--------+--------+--------+--------+--------+-----+--------+

Top non-repeatable levels by time:
  Lair:5: 4302 daAuts
    D:13: 4096 daAuts
Shoals:4: 3534 daAuts
  WizLab: 2863 daAuts
Vaults:1: 2799 daAuts
     D:9: 2508 daAuts
  Lair:4: 2493 daAuts
     D:8: 2481 daAuts
    D:15: 2217 daAuts
    D:10: 2207 daAuts
    D:12: 2199 daAuts
   Orc:2: 2182 daAuts
Spider:3: 1959 daAuts
     D:7: 1869 daAuts
    D:11: 1863 daAuts
